 Dungeon Crawl Stone Soup version 0.28.0-62-gf88900778d (webtiles) character file.

Game seed: 7268704660571788762

1955 cbfl8 the Chopper (level 8, -1/58 (63) HPs)
             Began as a Demonspawn Berserker on Apr 16, 2024.
             Was a Priest of Trog.
             Slain by a wight
             ... wielding a +3 long sword
              (10 damage)
             ... on level 5 of the Dungeon.
             The game lasted 00:06:45 (6596 turns).

cbfl8 the Chopper (Demonspawn Berserker)            Turns: 6596, Time: 00:06:45

HP:   -1/58 (63)    AC: 12    Str: 17    XL:     8   Next: 99%
MP:   8/8           EV:  7    Int: 25    God:    Trog [***...]
Gold: 243           SH:  0    Dex: 15    Spells: 7/7 levels left

rFire   . . .      SeeInvis +   m - +1 hand axe (drain)
rCold   . . .      Faith    .   (no shield)
rNeg    . . .      Spirit   .   j - +0 chain mail
rPois   .          Reflect  .   (helmet restricted)
rElec   .          Harm     .   c - +0 cloak of Dice, Bag, and Bottle {SInv}
rCorr   .          Rampage  .   a - +0 pair of gloves
Will    ++...                   (no boots)
Stlth   ..........              (no amulet)
HPRegen 1.19/turn               k - +6 ring of intelligence
MPRegen 0.11/turn               n - +6 ring of intelligence

@: strong-willed, on berserk cooldown, regenerating, slowed, drained, very slow
A: antennae 1, spiny 1, big brain 2
a: Renounce Religion, Berserk, Trog's Hand


You were on level 5 of the Dungeon.
You worshipped Trog.
Trog was most pleased with you.
You visited 1 branch of the dungeon, and saw 6 of its levels.

You collected 243 gold pieces.

Inventory:

Hand Weapons
 m - a +1 hand axe of draining (weapon)
Missiles
 h - a throwing net (quivered)
Armour
 a - a +0 pair of gloves (worn)
 c - the +0 cloak of Dice, Bag, and Bottle (worn) {SInv}
   (You acquired it on level 3 of the Dungeon)

   SInv:      It lets you see invisible.
 j - a +0 chain mail (worn)
Jewellery
 k - a +6 ring of intelligence (left hand)
 n - a +6 ring of intelligence (right hand)
Wands
 l - a wand of flame (14)
Scrolls
 f - a scroll of silence
 g - 2 scrolls of noise
Potions
 b - 3 potions of curing {unknown}
 d - a potion of might {unknown}
 e - 2 potions of heal wounds {unknown}
 i - a potion of degeneration {unknown}
 o - a potion of ambrosia {unknown}
 p - a potion of invisibility {unknown}
 q - a potion of resistance {unknown}


   Skills:
 + Level 5.5 Fighting
 + Level 7.5 Axes
 + Level 5.1 Armour
 - Level 1.7 Dodging
 * Level 5.1 Evocations


You had 7 spell levels left.
You didn't know any spells.
Your spell library was empty.

Dungeon Overview and Level Annotations

Branches:
Dungeon (6/15)
 Temple: D:4-7

Altars:
Sif Muna


Innate Abilities, Weirdness & Mutations

You have a pair of small antennae on your head.
You are partially covered in sharp spines.
You have an extremely huge brain. (Int +4)


Message History

You slash the wight!
The wight is almost destroyed.
You slash the wight!
You destroy the wight!
Trog accepts your kill.
Things that are here:
a +5 spear of freezing; a +1 robe of willpower; a scroll labelled GYRI WA VUALIGH You feel a strong urge to attack something.
You are no longer berserk.
You are exhausted.
You feel yourself slow down.
Items here: )) [[.
There is a stone staircase leading up here.
The wight hits you with a +3 long sword. x2
You feel drained.
You climb upwards.
There is a stone staircase leading down here.
You hit the wight.
The wight is lightly damaged.
The wight is struck by your spines.
The wight hits you with a +3 long sword.
You feel drained.
You barely miss the wight.
The wight is moderately damaged.
The wight is struck by your spines.
The wight hits you with a +3 long sword!
You feel drained.
You barely miss the wight.
The wight is severely damaged.
The wight hits you but does no damage. x2
You barely miss the wight.
The wight is severely damaged.
The wight hits you with a +3 long sword!
* * * LOW HITPOINT WARNING * * *
Your skin crawls.
You feel strong-willed.
The wight hits you with a +3 long sword.
* * * LOW HITPOINT WARNING * * *
The wight hits you with a +3 long sword!
You die...

######## #.......
#....... #.......
#....### #....##.
############...##.
##@...##...##...##.
#z.................
#[..............###
#...............##.
##.................
##.................
#.....##...##...##.
#.....#######...##.
#.....# #...##.


You could see a wight.

Vanquished Creatures
  Pikel (D:4)
  Grinder (D:3)
  Prince Ribbit (D:6)
  A black bear (D:6)
  A necrophage (D:5)
  A lemure (D:4)
  A phantom (D:6)
  A bullfrog (D:6)
  A water moccasin zombie (D:4)
  3 wights (D:6)
  2 centaur zombies
  4 hounds
  3 iguanas
  2 scorpion zombies (D:4)
  A bullfrog skeleton (D:5)
  2 hound zombies (D:4)
  A hound skeleton (D:4)
  7 gnolls
  5 adders
  A white imp (D:6)
  2 adder zombies (D:4)
  An adder skeleton (D:4)
  3 worms
  3 dart slugs
  12 orcs
  6 endoplasms
  6 giant cockroaches
  5 goblins
  10 hobgoblins
  4 jackals (D:1)
  5 kobolds
  2 quokkas
  7 ball pythons
  8 bats
  5 frilled lizards
  7 rats
126 creatures vanquished.

Vanquished Creatures (others)
  4 withered plants (D:4)
4 creatures vanquished.

Grand Total: 130 creatures vanquished

Notes
Turn   | Place    | Note
-------+----------+-------------------------------------------
     0 | D:1      | cbfl8 the Demonspawn Berserker began the quest for the Orb.
     0 | D:1      | Reached XP level 1. HP: 18/18 MP: 1/1
   258 | D:1      | Gained mutation: You are partially covered in sharp spines.
                  | [demonic ancestry]
   258 | D:1      | Reached XP level 2. HP: 22/24 MP: 2/2
   470 | D:1      | Reached skill level 3 in Axes
   491 | D:1      | Reached skill level 1 in Evocations
   593 | D:1      | Gained mutation: You have an unusually large brain. (Int
                  | +2) [demonic ancestry]
   593 | D:1      | Reached XP level 3. HP: 29/29 MP: 3/3
   923 | D:1      | Found a faded altar of an unknown god.
  1042 | D:2      | Reached ** piety under Trog
  1152 | D:2      | Identified the +6 dagger of the Imperium {antimagic, rC+
                  | Str+4 Int+3 Dex-4}
  1871 | D:2      | Reached XP level 4. HP: 30/37 MP: 4/4
  2746 | D:3      | Noticed Grinder
  2760 | D:3      | Killed Grinder
  2761 | D:3      | Reached skill level 4 in Axes
  2761 | D:3      | Reached XP level 5. HP: 18/42 MP: 5/5
  2761 | D:3      | Reached XP level 6. HP: 20/48 MP: 6/6
  3104 | D:3      | Found a shimmering blue altar of Sif Muna.
  3313 | D:3      | Identified a scroll of acquirement
  3317 | D:3      | Acquired the +0 cloak of Dice, Bag, and Bottle {SInv}
  3509 | D:4      | Noticed Pikel
  3518 | D:4      | Killed Pikel
  3519 | D:4      | Reached skill level 5 in Axes
  3519 | D:4      | Gained mutation: You have a pair of small antennae on your
                  | head. [demonic ancestry]
  3519 | D:4      | Reached XP level 7. HP: 42/55 MP: 7/7
  3700 | D:4      | Reached skill level 6 in Axes
  3825 | D:4      | Gained mutation: You have an extremely huge brain. (Int +4)
                  | [demonic ancestry]
  3825 | D:4      | Reached XP level 8. HP: 54/61 MP: 8/8
  4053 | D:4      | Reached *** piety under Trog
  4202 | D:4      | You fall into a shaft and drop 2 floors!
  4365 | D:5      | Entered Level 5 of the Dungeon
  4416 | D:5      | Reached skill level 5 in Fighting
  5474 | D:6      | Reached skill level 7 in Axes
  6418 | D:6      | Noticed Prince Ribbit
  6427 | D:6      | Killed Prince Ribbit
  6428 | D:6      | Reached skill level 5 in Armour
  6428 | D:6      | Reached skill level 5 in Evocations
  6596 | D:5      | Slain by a wight

Illustrated notes

Levels and vault maps discovered:
D:1:      minmay_arrival_plants_in_alcoves, layout_loops_ring,
          ebering_ecumenical_altar_petrified
D:2:      layout_loops_ring, nicolae_elevator_lobby_plus
D:3:      layout_loops_ring, mainiacjoe_overflow_alcove_1, uniq_grinder
D:4:      layout_loops_ring, serial_undead, serial_undead_f, serial_undead_f,
          serial_undead_c, serial_undead_d, wad_floor_pattern_untrapped,
          dk_noncrumbling_3, minmay_tree_intersection, uniq_pikel
D:5:      layout_gridville
D:6:      layout_loops_ring, moated_statue, uniq_prince_ribbit1

Skill      XL: |  1  2  3  4  5  6  7  8 |
---------------+-------------------------+-----
Axes           | 3 4 5 6 7 |  7.5
Evocations     | 1 2 3 4 5 |  5.1
Armour         | 2 3 5 |  5.1
Fighting       | 4 5 |  5.5
Dodging        | |  1.7

Action                   |  1- 3 |  4- 6 |  7- 9 || total
-------------------------+-------+-------+-------++-------
Melee: Hand axe          |    90 |    88 |   213 ||   391
       Punch             |       |     2 |     3 ||     5
Invok: Berserk           |       |     3 |     1 ||     4
       Trog's Hand       |       |       |     1 ||     1
  Use: Scroll            |       |     5 |     4 ||     9
 Stab: Sleeping          |     3 |       |       ||     3
Armor: Animal skin       |     4 |       |       ||     4
       Ring mail         |    17 |    27 |    35 ||    79
       Chain mail        |       |       |    31 ||    31
Dodge: Dodged            |    56 |    58 |    95 ||   209
